 Dungeon Crawl Stone Soup version 0.28-a0-1435-g82390b3a13 (webtiles) character file.

Game seed: 12645106325362692000

344 anonymouscript the Grasshopper (level 6, -2/51 HPs)
             Began as a Gnoll Warper on Jan 10, 2022.
             Slain by a scorpion (4 damage)
             ... on level 6 of the Dungeon.
             The game lasted 00:11:36 (2993 turns).

anonymouscript the Grasshopper (Gnoll Warper)       Turns: 2993, Time: 00:11:37

Health: -2/51      AC:  3    Str: 11    XL:     6   Next: 58%
Magic:  14/14      EV: 13    Int: 14    God:
Gold:   115        SH:  0    Dex: 11    Spells: 13/15 levels left

rFire   . . .      SeeInvis .   a - +0 falchion
rCold   . . .      Faith    .   (no shield)
rNeg    . . .      Spirit   .   b - +0 leather armour
rPois   .          Reflect  .   (no helmet)
rElec   .          Harm     .   (no cloak)
rCorr   .          Rampage  .   (no gloves)
Will    .....                   (no boots)
Stlth   ++........              (no amulet)
HPRegen 0.17/turn               (no ring)
MPRegen 0.14/turn               (no ring)

@: mighty, flying
A: fangs 1, strong nose, distributed training
a: no special abilities


You were on level 6 of the Dungeon.
You visited 1 branch of the dungeon, and saw 4 of its levels.

You collected 115 gold pieces.

Inventory:

Hand Weapons
 a - a +0 falchion (weapon)
Missiles
 d - 4 boomerangs of dispersal
 i - 37 arrows
 k - 18 poisoned darts
 r - 2 silver javelins
Armour
 b - a +0 leather armour (worn)
 n - a +0 chain mail
Wands
 f - a wand of iceblast (2) (quivered)
Scrolls
 c - a scroll of blinking
 l - a scroll of fear {unknown}
 o - a scroll of identify {unknown}
 p - a scroll of fog {unknown}
Potions
 g - a potion of cancellation
 h - a potion of attraction


   Skills:
 + Level 5.0 Fighting
 + Level 2.0 Short Blades
 + Level 5.0 Long Blades
 + Level 2.0 Axes
 + Level 2.0 Maces & Flails
 + Level 2.0 Polearms
 + Level 2.0 Staves
 + Level 2.0 Slings
 + Level 2.0 Bows
 + Level 2.0 Crossbows
 + Level 3.3 Throwing
 + Level 3.3 Armour
 + Level 5.0 Dodging
 + Level 2.0 Stealth
 + Level 2.0 Shields
 + Level 2.0 Unarmed Combat
 + Level 5.4 Spellcasting
 + Level 1.6 Conjurations
 + Level 1.6 Hexes
 + Level 1.6 Summonings
 + Level 1.6 Necromancy
 + Level 5.7 Translocations
 + Level 1.6 Transmutations
 + Level 1.6 Fire Magic
 + Level 1.6 Ice Magic
 + Level 1.6 Air Magic
 + Level 1.6 Earth Magic
 + Level 1.6 Poison Magic
 + Level 2.2 Invocations
 + Level 2.0 Evocations


You had 13 spell levels left.
You knew the following spells:

 Your Spells              Type           Power      Damage    Failure   Level
a - Blink                 Tloc           38%        N/A       3%          2

Your spell library contained the following spells:

 Spells                   Type           Power      Damage    Failure   Level
 Gell's Gravitas          Tloc           19%        N/A       6%          3
 Lesser Beckoning         Tloc           19%        N/A       6%          3
 Teleport Other           Tloc           19%        N/A       6%          3
 Manifold Assault         Tloc           19%        N/A       50%         5


Dungeon Overview and Level Annotations

Branches:
Dungeon (3/15)

Altars:


Innate Abilities, Weirdness & Mutations

You have very sharp teeth.
Your uncanny sense of smell can sniff out nearby items.
Your experience applies equally to all skills.


Message History

* * * LOW HITPOINT WARNING * * *
You are lethally poisoned!
The scorpion poisons you!
It was a potion of heal wounds.
You feel much better.
You feel very sick. The scorpion stings you!
You feel sick. The scorpion misses you.
You feel sick.
You feel sick.
You feel sick.
You feel sick.
You feel sick. The scorpion misses you.
You feel sick.
You feel sick.
You feel sick.
You are no longer poisoned.
The scorpion stings you.
* * * LOW HITPOINT WARNING * * *
You are poisoned.
The scorpion poisons you!
* * * LOW HITPOINT WARNING * * *
You feel very sick.
You feel sick.
* * * LOW HITPOINT WARNING * * *
You feel sick.
You feel sick. The scorpion closely misses you.
You feel sick.
It was a potion of flight.
You feel very buoyant.
You fly up into the air.
You feel sick.
The scorpion stings you but does no damage.
Unknown command.
You feel very mighty all of a sudden.
You feel sick. The scorpion closely misses you.
You hit the scorpion.
The scorpion is almost dead.
You feel sick.
You are no longer poisoned.
The scorpion stings you.
You die...

.....###########.#.##........#...
......>.............#.########...
.....#.#.#..#######.#.##.....#.##
.......#.#...##.....#......#.#.##
....##.#.#.......#.........#.#'##
.... ............#.#.......#.....
.... #.....)...............'.....
##. .#.###....#s#.#.#.....#.....
## ##.. ##...#@#...#.....#.....
#....#)#####.....#.....
##..<......#.....#.....
∆#......###.#.....#.....
#..........###'###.#+##
###.#.########.# #.#.##
...#..####....# #.#.# ###
##.........# #.#.# #.........#
#.#.#


You could see a scorpion.

Vanquished Creatures
  An orc warrior (D:6)
  A necrophage (D:6)
  A howler monkey (D:6)
  A hound (D:6)
  A bullfrog skeleton (D:6)
  4 adders (D:2)
  A worm (D:2)
  6 orcs
  A ball python (D:3)
  5 endoplasms
  2 goblins
  2 hobgoblins (D:2)
  A jackal (D:1)
  2 quokkas (D:2)
  5 bats
  A frilled lizard (D:1)
  4 kobolds
  2 rats
41 creatures vanquished.

Notes
Turn   | Place    | Note
-------+----------+-------------------------------------------
     0 | D:1      | anonymouscript the Gnoll Warper began the quest for the
                  | Orb.
     0 | D:1      | Reached XP level 1. HP: 20/20 MP: 6/6
   196 | D:2      | Reached XP level 2. HP: 19/26 MP: 7/7
   682 | D:1      | Learned a level 2 spell: Blink
   768 | D:2      | Reached skill level 5 in Spellcasting
   768 | D:2      | Reached XP level 3. HP: 31/31 MP: 7/9
  1258 | D:2      | Reached skill level 1 in Invocations
  1287 | D:2      | HP: 1/31 [poisoned by an adder]
  1291 | D:2      | Reached skill level 1 in Short Blades
  1291 | D:2      | Reached skill level 1 in Axes
  1291 | D:2      | Reached skill level 1 in Maces & Flails
  1291 | D:2      | Reached skill level 1 in Polearms
  1291 | D:2      | Reached skill level 1 in Staves
  1291 | D:2      | Reached skill level 1 in Slings
  1291 | D:2      | Reached skill level 1 in Bows
  1291 | D:2      | Reached skill level 1 in Crossbows
  1291 | D:2      | Reached skill level 1 in Stealth
  1291 | D:2      | Reached skill level 1 in Shields
  1291 | D:2      | Reached skill level 1 in Unarmed Combat
  1291 | D:2      | Reached skill level 1 in Evocations
  1295 | D:2      | Reached XP level 4. HP: 3/38 MP: 11/11
  2175 | D:3      | You fall into a shaft and drop 3 floors!
  2176 | D:6      | Noticed an orc warrior
  2209 | D:6      | Reached skill level 1 in Conjurations
  2209 | D:6      | Reached skill level 1 in Hexes
  2209 | D:6      | Reached skill level 1 in Summonings
  2209 | D:6      | Reached skill level 1 in Necromancy
  2209 | D:6      | Reached skill level 1 in Transmutations
  2209 | D:6      | Reached skill level 1 in Fire Magic
  2209 | D:6      | Reached skill level 1 in Ice Magic
  2209 | D:6      | Reached skill level 1 in Air Magic
  2209 | D:6      | Reached skill level 1 in Earth Magic
  2209 | D:6      | Reached skill level 1 in Poison Magic
  2210 | D:6      | Killed an orc warrior
  2211 | D:6      | Reached XP level 5. HP: 20/43 MP: 10/12
  2272 | D:6      | Reached XP level 6. HP: 20/50 MP: 13/13
  2812 | D:6      | Noticed a necrophage
  2837 | D:6      | Killed a necrophage
  2838 | D:6      | Reached skill level 5 in Fighting
  2838 | D:6      | Reached skill level 5 in Long Blades
  2838 | D:6      | Reached skill level 5 in Dodging
  2993 | D:6      | HP: 2/51 [poisoned by a scorpion]
  2993 | D:6      | Slain by a scorpion

Illustrated notes

Levels and vault maps discovered:
D:1:      dpeg_arrival_erosion, layout_basic,
          shapermc_ecumenical_altar_acropolis, minmay_heptomino_o4
D:2:      layout_rooms, hex_medium
D:3:      minmay_skewed_foursquare, layout_loops_ring,
          mainiacjoe_overflow_six_doors_small, gammafunk_ghost_necromancy,
          uniq_robin
D:6:      layout_basic, hangedman_minor_gate_pass

Skill      XL: |  1  2  3  4  5  6 |
---------------+-------------------+-----
Spellcasting   | 5 |  5.4
Invocations    | 1 2 |  2.2
Short Blades   | 1 2 |  2.0
Axes           | 1 2 |  2.0
Maces & Flails | 1 2 |  2.0
Polearms       | 1 2 |  2.0
Staves         | 1 2 |  2.0
Slings         | 1 2 |  2.0
Bows           | 1 2 |  2.0
Crossbows      | 1 2 |  2.0
Stealth        | 1 2 |  2.0
Shields        | 1 2 |  2.0
Unarmed Combat | 1 2 |  2.0
Evocations     | 1 2 |  2.0
Conjurations   | 1 |  1.6
Hexes          | 1 |  1.6
Summonings     | 1 |  1.6
Necromancy     | 1 |  1.6
Transmutations | 1 |  1.6
Fire Magic     | 1 |  1.6
Ice Magic      | 1 |  1.6
Air Magic      | 1 |  1.6
Earth Magic    | 1 |  1.6
Poison Magic   | 1 |  1.6
Throwing       | 3 |  3.3
Armour         | 3 |  3.3
Fighting       | 5 |  5.0
Long Blades    | 5 |  5.0
Dodging        | 5 |  5.0
Translocations | |  5.7

Action                   |  1- 3 |  4- 6 || total
-------------------------+-------+-------++-------
Melee: Falchion          |    84 |   105 ||   189
       Bite              |     7 |    10 ||    17
Throw: Boomerang         |     1 |       ||     1
       Dart              |       |     1 ||     1
       Javelin           |       |     2 ||     2
 Cast: Blink             |       |     1 ||     1
Evoke: Wand              |       |     6 ||     6
  Use: Potion            |     6 |     6 ||    12
       Scroll            |     1 |       ||     1
 Stab: Sleeping          |       |     1 ||     1
Armor: Leather armour    |    27 |    27 ||    54
       Skin              |       |     9 ||     9
Dodge: Dodged            |    67 |    76 ||   143

Table legend: (Time is in decaauts)
 A = Elapsed time spent in this place.
 B = Non-inter-level travel time spent in this place.
 C = Inter-level travel time spent in this place.
 D = Time resting spent in this place.
 E = Time spent auto-exploring this place.
 F = Levels seen in this place.
 G = Mean time per level.
                   A        B        C        D        E       F      G
               +--------+--------+--------+--------+--------+-----+--------+
         Total |   3011 |   2999 |     12 |   1447 |    766 |   4 |  752.8 |
       Dungeon |   3011 |   2999 |     12 |   1447 |    766 |   4 |  752.8 |
               +--------+--------+--------+--------+--------+-----+--------+

Top non-repeatable levels by time:
     D:1: 942 daAuts
     D:6: 820 daAuts
     D:2: 813 daAuts
     D:3: 434 daAuts
